 Dungeon Crawl Stone Soup version 0.29.1-15-g9cfb28693d (webtiles) character file.

Game seed: 13871498601194110117

636 raph the Purveyor of Pain (level 7, -2/46 (47) HPs)
             Began as a Human Necromancer on Mar 19, 2023.
             Was an Initiate of Kikubaaqudgha.
             Killed by divine providence
             ... invoked by an orc priest
              (9 damage)
             ... on level 5 of the Dungeon.
             The game lasted 00:08:05 (5939 turns).

raph the Purveyor of Pain (Human Necromancer)       Turns: 5939, Time: 00:08:05

HP:   -2/46 (47)    AC: 10    Str:  8    XL:     7   Next: 79%
MP:   0/10          EV: 12    Int: 23    God:    Kikubaaqudgha [......]
Gold: 182           SH:  4    Dex: 14    Spells: 2/10 levels left

rFire   . . .      SeeInvis .   s - staff of death
rCold   . . .      Faith    .   f - +0 buckler
rNeg    + . .      Spirit   .   a - +0 robe
rPois   .          Reflect  .   k - +2 helmet
rElec   .          Harm     .   (no cloak)
rCorr   .          Rampage  .   (no gloves)
Will    .....                   d - +0 pair of boots
Stlth   ++........              (no amulet)
HPRegen 0.15/turn               x - +6 ring of intelligence
MPRegen 0.12/turn               u - +4 ring of protection

@: mighty, animating dead, lightly drained
A: no striking features
a: Renounce Religion


You were on level 5 of the Dungeon.
You worshipped Kikubaaqudgha.
Kikubaaqudgha was noncommittal.
You visited 2 branches of the dungeon, and saw 6 of its levels.

You collected 182 gold pieces.

Inventory:

Hand Weapons
 b - a +1 dagger
Missiles
 g - 5 poisoned darts
 p - 4 javelins
Armour
 a - a +0 robe (worn)
 d - a +0 pair of boots (worn)
 f - a +0 buckler (worn)
 k - a +2 helmet (worn)
Magical Staves
 s - a staff of death (weapon)
Jewellery
 n - a +6 ring of dexterity
 u - a +4 ring of protection (right hand)
 x - a +6 ring of intelligence (left hand)
Scrolls
 m - a scroll of identify
Potions
 c - 2 potions of lignification {unknown}
 e - 2 potions of flight
 h - 2 potions of curing
 i - a potion of might
 j - a potion of heal wounds {unknown}
 l - a potion of degeneration {unknown}
 o - a potion of ambrosia {unknown}
 r - 2 potions of haste
 t - a potion of mutation {unknown}
 v - a potion of brilliance {unknown}


   Skills:
 + Level 0.8 Fighting
 + Level 0.5 Staves
 + Level 2.2 Dodging
 - Level 2.0 Stealth
 + Level 0.9 Shields
 + Level 2.3 Spellcasting
 * Level 8.4 Necromancy


You had 2 spell levels left.
You knew the following spells:

 Your Spells              Type           Power      Damage    Failure   Level
a - Necrotise             Necr           100%       1d9       1%          1
b - Vampiric Draining     Necr           58%        2d10      1%          3
c - Animate Dead          Necr           58%        N/A       5%          4

Your spell library contained the following spells:

 Spells                   Type           Power      Damage    Failure   Level
 Apportation              Tloc           4%         N/A       17%         1
 Foxfire                  Conj/Fire      8%         2x1d4     17%         1
 Summon Small Mammal      Summ           8%         N/A       17%         1
 Agony                    Necr           58%        N/A       14%         5
 Conjure Flame            Conj/Fire      2%         6-21      45%         3
 Inner Flame              Hex/Fire       2%         N/A       45%         3
 Portal Projectile        Hex/Tloc       4%         N/A       45%         3
 Tukima's Dance           Hex            2%         N/A       45%         3
 Flame Wave               Conj/Fire      2%         2d4       86%         4
 Blade Hands              Tmut           1%         N/A       99%         5


Dungeon Overview and Level Annotations

Branches:
Dungeon (5/15)             Temple (1/1) D:5

Altars:
Ashenzari
Cheibriados
Dithmenos
Elyvilon
Fedhas
Hepliaklqana
Kikubaaqudgha
Makhleb
Nemelex Xobeh
Qazlal
Ru
Trog
Uskayaw
Xom
Zin
The Shining One

Shops:
D:1 (


Message History

Aim: an orc, wielding a +0 hand axe You feel a surge of power!
You draw life force from the orc!!
You kill the orc!
Kikubaaqudgha accepts your kill.
You feel life coursing into your body.
The dead are walking!
The phantom barely misses you.
An orc priest comes into view. It is wielding a +0 war axe.
The orc priest calls down the wrath of Beogh upon you.
Beogh smites you!
* * * LOW HITPOINT WARNING * * *
You block the orc priest's attack.
You see here a +0 hand axe.
Casting: Vampiric Draining (safe; 1% risk of failure)
Confirm with . or Enter, or press ? or * to list all spells.
Aiming: Vampiric Draining (safe; 1% risk of failure)
Press: ? - help, Shift-Dir - straight line, f - orc priest
Aim: an orc priest, wielding a +0 hand axe You feel a surge of power!
You draw life force from the orc priest!
You feel life coursing into your body. The phantom hits you.
* * * LOW HITPOINT WARNING * * *
The phantom blinks!
You blink. 2 orcs come into view.
Aiming: Necrotise (safe; 1% risk of failure)
Press: ? - help, Q - select action, (/) - cycle Shift-Dir - straight line, f/p - orc priest
Aim: an orc priest, wielding a +0 hand axe (severely wounded, chance to affect: 83%)
You feel a surge of power!
The orc priest writhes in agony!
You kill the orc priest!
Kikubaaqudgha accepts your kill.
The dead are walking!
The phantom closely misses you.
You aren't carrying any items that you can evoke.
Okay, then.
The phantom attacks as you move away! The phantom hits you.
* * * LOW HITPOINT WARNING * * *
The white imp laughs crazily.
The orc hits your orc priest zombie with a +0 trident.
The orc priest mumbles some strange prayers to Beogh against you.
Beogh smites you!
You die...
Kikubaaqudgha rasps: "You have failed me!
Welcome... death!"

##.# #.. ...# #... ###..#
#... ....# #..# ##.##
#..# #.# #..##### #.#
#......### ##.####
##...o...)# ......# ####
#.@W5oZo.... ##.##.# #..
##.#####.##.# #.##.# #.#
##...####)##. ####
#.##.###.###.......Z§##.#
#...
#.##......(#...$###..##.#
#.8.
..##.###5#.....<.....##.#
#..⌠ ####.#
#.###...####..##.# #.8.
#.# #.###...####..##.##
##..⌠ #.#
#.........##..#...###..8.


You could see a phantom, an orc priest, a white imp (ally target), 2 orcs and a
friendly orc priest zombie.

Vanquished Creatures
  Sigmund (D:3)
  2 necrophages
  A scorpion (D:4)
  A jelly (D:5)
  An orc priest (D:5)
  A hound (D:4)
  2 iguanas
  9 adders
  A worm (D:4)
  2 dart slugs (D:2)
  4 orcs
  6 ball pythons
  6 endoplasms
  A giant cockroach (D:3)
  7 goblins
  7 hobgoblins
  5 jackals
  2 quokkas
  5 bats
  3 frilled lizards
  6 kobolds
  8 rats
81 creatures vanquished.

Vanquished Creatures (collateral kills)
  A jackal (D:3)
1 creature vanquished.

Grand Total: 82 creatures vanquished

Notes
Turn   | Place    | Note
-------+----------+-------------------------------------------
     0 | D:1      | raph the Human Necromancer began the quest for the Orb.
     0 | D:1      | Reached XP level 1. HP: 13/13 MP: 3/3
   636 | D:1      | Found Justrui's Antique Weapon Shop.
   922 | D:1      | Reached XP level 2. HP: 19/19 MP: 1/5
  1612 | D:2      | Reached XP level 3. HP: 24/24 MP: 1/6
  1617 | D:2      | Reached skill level 5 in Necromancy
  1622 | D:2      | Learned a level 3 spell: Vampiric Draining
  2334 | D:2      | Reached XP level 4. HP: 24/30 MP: 3/7
  2573 | D:3      | Found a faded altar of an unknown god.
  3167 | D:3      | Reached skill level 6 in Necromancy
  3167 | D:3      | Reached XP level 5. HP: 16/35 MP: 0/8
  3460 | D:3      | Found a bloodstained altar of Trog.
  3485 | D:3      | Noticed Sigmund
  3533 | D:3      | Killed Sigmund
  3534 | D:3      | Reached skill level 7 in Necromancy
  3534 | D:3      | Reached XP level 6. HP: 25/41 MP: 3/9
  3770 | D:4      | Found a blossoming altar of Fedhas.
  4125 | D:4      | Reached XP level 7. HP: 19/46 MP: 10/10
  4449 | D:4      | Found a stormy altar of Qazlal.
  4468 | D:4      | Reached skill level 8 in Necromancy
  4608 | D:4      | Noticed a +0 dagger
  4608 | D:4      | Noticed a +0 dagger
  4617 | D:4      | Found a hide-covered altar of Uskayaw.
  4643 | D:4      | Learned a level 4 spell: Animate Dead
  4974 | D:5      | Entered Level 5 of the Dungeon
  5510 | D:5      | Found a staircase to the Ecumenical Temple.
  5557 | Temple   | Entered the Ecumenical Temple
  5714 | Temple   | Became a worshipper of Kikubaaqudgha
  5939 | D:5      | Killed from afar by an orc priest

Illustrated notes

Levels and vault maps discovered:
D:1:      minmay_arrival_widening_spiral_wide, layout_loops_corners,
          serial_shops, nicolae_diamond_shop
D:2:      layout_basic
D:3:      layout_basic, general_overflow_altar,
          shapermc_ecumenical_altar_rom_forum, uniq_sigmund
D:4:      layout_basic, dancing_weapons_uskayaw, fedhas_ov_isle_minmay,
          nicolae_qazlal_scattered_showers, grunt_ministairs_1
D:5:      layout_loops_ring, lemuel_tele_altar,
          minmay_temple_entry_statues_fountains
Temple:   nicolae_temple_bog_church

Skill      XL: |  1  2  3  4  5  6  7 |
---------------+----------------------+-----
Necromancy     | 5 6 7 8 |  8.4
Fighting       | |  0.8
Staves         | |  0.5
Dodging        | |  2.2
Stealth        | |  2.0
Shields        | |  0.9
Spellcasting   | |  2.3

Action                   |  1- 3 |  4- 6 |  7- 9 || total
-------------------------+-------+-------+-------++-------
Melee: Dagger            |    11 |     6 |       ||    17
       Staff             |       |    29 |    67 ||    96
 Cast: Necrotise         |    69 |    60 |    25 ||   154
       Vampiric Draining |       |     1 |     9 ||    10
       Animate Dead      |       |       |     1 ||     1
  Use: Potion            |     1 |       |     1 ||     2
       Scroll            |       |       |     9 ||     9
Armor: Robe              |    14 |    23 |    55 ||    92
Dodge: Dodged            |    23 |    32 |    55 ||   110
Block: Buckler           |     6 |    11 |    17 ||    34
